 Dungeon Crawl Stone Soup version 0.31-a0-876-gfe8ebadbca (webtiles) character file.

Game seed: 1586905041501759365

111 Xavori the Cutter (level 4, -1/33 HPs)
             Began as an Octopode Chaos Knight on Oct 13, 2023.
             Was a Plaything of Xom.
             Slain by a gnoll
             ... wielding a +0 spear
              (7 damage)
             ... on level 3 of the Dungeon.
             The game lasted 00:03:35 (1667 turns).

Xavori the Cutter (Octopode Chaos Knight)           Turns: 1667, Time: 00:03:36

Health: -1/33      AC:  5    Str: 11    XL:     4   Next: 92%
Magic:  4/4        EV: 14    Int: 14    God:    Xom [.*....]
Gold:   182        SH:  0    Dex: 19    Spells: 3/3 levels left

rFire   . . .        a - +0 short sword (chaos)
rCold   . . .        (no shield)
rNeg    . . .        (helmet restricted)
rPois   .            (no amulet)
rElec   .            d - +6 ring of dexterity
rCorr   .            l - +4 ring of protection
SInv    .            (no ring)
Will    .....        (no ring)
Stlth   +++          (no ring)
HPRegen 0.25/turn    (no ring)
MPRegen 0.09/turn    (no ring)
                     (no ring)

%: no passive effects
@: no status effects
A: almost no armour, amphibious, 8 rings, camouflage 1, gelatinous body 1,
(nimble swimmer 1), tentacles
a: Renounce Religion


You were on level 3 of the Dungeon.
You worshipped Xom.
You were a plaything of Xom.
You visited 1 branch of the dungeon, and saw 3 of its levels.

You collected 182 gold pieces.

Inventory:

Hand Weapons
 a - a +0 short sword of chaos (weapon)
 b - a +0 hand cannon of electrocution
Missiles
 r - a throwing net
Jewellery
 d - a +6 ring of dexterity (left tentacle)
 l - a +4 ring of protection (right tentacle)
 p - an amulet of guardian spirit
Wands
 s - a wand of quicksilver (10)
Scrolls
 e - a scroll of torment {unknown}
 g - a scroll of enchant weapon {unknown}
 h - a scroll of blinking {unknown}
 i - 2 scrolls of identify {unknown}
 j - a scroll of teleportation {unknown}
 m - a scroll of enchant armour {unknown}
 n - a scroll of fear {unknown}
 q - a scroll of butterflies
Potions
 c - a potion of magic {unknown}
 f - a potion of mutation {unknown}
 k - 2 potions of curing {unknown}
 o - a potion of ambrosia {unknown}
 t - a potion of degeneration {unknown}
 u - a potion of resistance {unknown}


   Skills:
 + Level 3.7 Fighting
 + Level 3.8 Short Blades
 - Level 0.6 Ranged Weapons
 + Level 3.0 Dodging
 + Level 2.8 Stealth


You had 3 spell levels left.
You didn't know any spells.
Your spell library was empty.

Dungeon Overview and Level Annotations

Branches:
Dungeon (3/15)

Altars:
Fedhas

Shops:
D:3 (


Innate Abilities, Weirdness & Mutations

You cannot wear most types of armour.
You are amphibious.
You can wear up to eight rings at the same time.
Your skin changes colour to match your surroundings (Stealth+).
Your rubbery body absorbs attacks. (AC +1, EV +1)
((You are camouflaged when in or above water. (Stealth+)))
You have tentacles for arms and can constrict up to eight enemies at once.


Message History

You release your grip on the gnoll.
The gnoll hits you from afar with a +0 spear.
Things that are here:
a +0 whip; a kobold corpse The gnoll attacks as it pursues you!
The gnoll barely misses you.
There is a stone staircase leading up here.
The gnoll closely misses you.
You climb upwards.
There is a stone staircase leading down here.
You start resting.
HP restored.
You start waiting.
Xom makes a sudden noise!
You hear a screech!
You climb downwards.
The gnoll closely misses you.
There is a stone staircase leading up here.
The gnoll hits you with a +0 spear.
You hit the gnoll but do no damage. You grab the gnoll.
You constrict the gnoll. The gnoll hits you with a +0 spear.
You hit the gnoll but do no damage.
The gnoll goes berserk!
Xom is mildly amused.
The gnoll is lightly wounded.
You constrict the gnoll. The gnoll hits you with a +0 spear!
A shower of butterflies erupts from you!
Unknown command.
You are too injured to fight recklessly!
Unknown command.
You are too injured to fight recklessly!
You hit the gnoll.
The gnoll is poisoned.
You squeeze the gnoll, but do no damage.
The gnoll is heavily wounded.
You constrict the gnoll. The gnoll hits you with a +0 spear!
* * * LOW HITPOINT WARNING * * *
The gnoll hits you from afar with a +0 spear.
* * * LOW HITPOINT WARNING * * *
The gnoll closely misses you.
You hit the gnoll but do no damage.
The gnoll looks as sick as possible!
You squeeze the gnoll.
The gnoll is heavily wounded.
You constrict the gnoll. The gnoll hits you with a +0 spear!
You die...

#.............)....#...
#...........##.........
####...###.........#..
#...# ##.###.##.# #...#
#....)...### ......
##.........#
######.###.##.####.#
#.b...<##.# #.#
#.....@##.## #.#
.....b.g.g..###.########
##......##).............
.....b..#.).###.#######.
###.#.#......##.#
...#.#.........# ..#
#.####.###### .. #. #.#
#.#


You could see 2 gnolls.

Vanquished Creatures
  5 gnolls
  An adder (D:2)
  2 dart slugs (D:2)
  3 endoplasms
  3 giant cockroaches
  6 hobgoblins
  7 kobolds
  3 quokkas
  2 ball pythons
  5 bats (D:1)
  A frilled lizard (D:2)
  6 goblins
  4 rats (D:2)
48 creatures vanquished.

Notes
Turn   | Place    | Note
-------+----------+-------------------------------------------
     0 | D:1      | Xavori the Octopode Chaos Knight began the quest for the
                  | Orb.
     0 | D:1      | Reached XP level 1. HP: 16/16 MP: 1/1
    56 | D:1      | XOM: silly message
    76 | D:1      | You fall into a shaft and drop 1 floor!
    78 | D:2      | XOM: silly message
   117 | D:2      | Reached XP level 2. HP: 21/21 MP: 2/2
   325 | D:1      | Reached XP level 3. HP: 14/26 MP: 3/3
   926 | D:2      | Reached skill level 1 in Stealth
   939 | D:2      | Reached XP level 4. HP: 31/31 MP: 4/4
  1038 | D:2      | Found a blossoming altar of Fedhas.
  1464 | D:3      | Found Mixujo Tedov's Weapon Emporium.
  1535 | D:3      | XOM: scenery: 1 doors close
  1660 | D:2      | XOM: noise
  1665 | D:3      | XOM: butterfly on damage
  1667 | D:3      | Slain by a gnoll

Illustrated notes

Levels and vault maps discovered:
D:1:      dpeg_arrival_simpleton_b, layout_loops_ring,
          corexii_item_surrounded_by_moat, minmay_circled_x
D:2:      layout_loops_ring, basic_altar, moated_statue,
          amcnicky_mini_rare_corridor_liquid, minmay_tetromino_i4
D:3:      layout_loops_corners, serial_shops, nicolae_shop_tiny_waterfront,
          cheibrodos_gnoll_hut, uniq_natasha

Skill      XL: |  1  2  3  4 |
---------------+-------------+-----
Stealth        | 2 |  2.8
Dodging        | 3 |  3.0
Fighting       | |  3.7
Short Blades   | |  3.8
Ranged Weapons | |  0.6

Action                     |  1- 3 |  4- 6 || total
---------------------------+-------+-------++-------
  Melee: Short sword       |    56 |    26 ||    82
         Constrict         |    18 |     8 ||    26
         Tentacles         |     6 |    11 ||    17
   Fire: Hand cannon       |     8 |    15 ||    23
   Stab: Sleeping          |     4 |       ||     4
 Armour: Skin              |    24 |    24 ||    48
  Dodge: Dodged            |    44 |    21 ||    65

Table legend: (Time is in decaauts)
 A = Elapsed time spent in this place.
 B = Non-inter-level travel time spent in this place.
 C = Inter-level travel time spent in this place.
 D = Time resting spent in this place.
 E = Time spent auto-exploring this place.
 F = Levels seen in this place.
 G = Mean time per level.
                   A        B        C        D        E       F      G
               +--------+--------+--------+--------+--------+-----+--------+
         Total |   1669 |   1583 |     86 |    160 |   1135 |   3 |  556.3 |
       Dungeon |   1669 |   1583 |     86 |    160 |   1135 |   3 |  556.3 |
               +--------+--------+--------+--------+--------+-----+--------+

Top non-repeatable levels by time:
     D:2: 810 daAuts
     D:1: 736 daAuts
     D:3: 122 daAuts
